 Dungeon Crawl Stone Soup version 0.28-a0-653-g7e9dba17c3 (webtiles) character file.

Game seed: 3325745176069435817

397 bande the Chopper (level 6, 0/39 HPs)
             Began as a Gargoyle Fighter on Oct 11, 2021.
             Slain by Duvessa (5 damage)
             ... on level 4 of the Dungeon.
             The game lasted 00:05:23 (3193 turns).

bande the Chopper (Gargoyle Fighter)                Turns: 3193, Time: 00:05:24

Health: 0/39       AC: 14    Str: 21    XL:     6   Next: 83%
Magic:  6/6        EV:  7    Int:  8    God:
Gold:   133        SH:  6    Dex: 16    Spells: 5/5 levels left

rFire   . . .      SeeInvis .   a - +1 war axe
rCold   . . .      Faith    .   c - +1 buckler
rNeg    + . .      Spirit   .   f - +0 chain mail
rPois   ∞          Reflect  .   (no helmet)
rElec   +          Harm     .   h - scarf {repulsion}
rCorr   .          Rampage  .   (no gloves)
Will    .....                   (no boots)
Stlth   ..........              (no amulet)
HPRegen 0.13/turn               j - +6 ring of dexterity
MPRegen 0.10/turn               (no ring)

@: repel missiles
A: sickness immunity, AC +4, negative energy resistance 1, electricity
resistance, torment resistance 1, petrification resistance
a: no special abilities


You were on level 4 of the Dungeon.
You visited 1 branch of the dungeon, and saw 4 of its levels.

You collected 133 gold pieces.

Inventory:

Hand Weapons
 a - a +1 war axe (weapon)
 o - a +0 flail
Armour
 c - a +1 buckler (worn)
 f - a +0 chain mail (worn)
 h - a scarf of repulsion (worn)
 l - a +0 tower shield
Jewellery
 j - a +6 ring of dexterity (left hand)
Scrolls
 b - 2 scrolls of enchant weapon
Potions
 d - a potion of might
 e - a potion of curing
 k - 2 potions of invisibility
 n - a potion of haste


   Skills:
 + Level 4.3 Fighting
 + Level 4.9 Axes
 + Level 4.4 Armour
 + Level 4.1 Shields


You had 5 spell levels left.
You didn't know any spells.
Your spell library contained the following spells:

 Spells                   Type           Power      Damage    Failure   Level
 Foxfire                  Conj/Fire      0%         2x1d4     98%         1
 Conjure Flame            Conj/Fire      0%         6-21      100%        3
 Inner Flame              Hex/Fire       0%         N/A       100%        3
 Portal Projectile        Hex/Tloc       0%         N/A       100%        3
 Flame Wave               Conj/Fire      0%         3d3       100%        4
 Blade Hands              Tmut           0%         N/A       100%        5
 Excruciating Wounds      Necr           0%         N/A       100%        5


Dungeon Overview and Level Annotations

Branches:
Dungeon (4/15)
 Temple: D:4-7

Altars:
Ru

Annotations:
D:4 Dowan, Duvessa


Innate Abilities, Weirdness & Mutations

You are immune to sickness and miasma.
Your stone body is resilient. (AC +4)
You are immune to poison.
You resist negative energy. (rN+)
You are resistant to electric shocks. (rElec)
You are resistant to unholy torment.
You are immune to petrification.


Message History

You barely miss Duvessa.
Duvessa is moderately wounded.
You miss something. Something hits you but does no damage.
You block Duvessa's attack.
You closely miss Duvessa.
Duvessa is moderately wounded.
You slash something!
You hear some strange, mumbled words.
A puff of flame appears from out of thin air!
You block the puff of flame.
Duvessa says, "Where magic fails, the sword succeeds!"
Duvessa hits you with a +0 short sword!
You hear some strange, mumbled words.
Duvessa seems to speed up.
Duvessa hits you with a +0 short sword.
You hit Duvessa but do no damage.
Duvessa is moderately wounded.
You closely miss something. Duvessa hits you with a +0 short sword.
Something hits you but does no damage.
Unknown command.
You hit Duvessa but do no damage.
Duvessa is moderately wounded.
You miss something. Duvessa hits you with a +0 short sword.
Something hits you but does no damage. Duvessa hits you but does no damage.
Unknown command.
You slash Duvessa!
Duvessa is heavily wounded.
You closely miss something. Duvessa hits you with a +0 short sword!
* * * LOW HITPOINT WARNING * * *
You hear some strange, mumbled words.
A puff of flame appears from out of thin air!
The puff of flame hits you but does no damage.
Duvessa hits you with a +0 short sword.
* * * LOW HITPOINT WARNING * * *
You hear some strange, mumbled words.
A puff of flame appears from out of thin air!
The puff of flame is repelled.
You completely miss Duvessa.
Duvessa is heavily wounded.
You miss something. Duvessa hits you with a +0 short sword.
You die...

#......... #..>.....# #
#......).# .
#.#........ ##.
#........( #.. #.......
#.# #.....{## #.# #@e#
#.# ##.# #.#
..#####.######.########
#...<........†.........
..######..####.########
..........###.#
..........)...#
.##############


You could see Duvessa (fast).

Vanquished Creatures
  Grinder (D:3)
  A hound (D:4)
  Jessica (D:3)
  3 adders
  A shadow imp (D:3)
  2 worms
  2 dart slugs
  4 orcs (D:3)
  7 endoplasms
  4 giant cockroaches
  5 goblins
  8 hobgoblins
  2 jackals (D:3)
  10 kobolds
  A quokka (D:1)
  5 ball pythons
  7 bats
  6 frilled lizards
  9 rats
79 creatures vanquished.

Notes
Turn   | Place    | Note
-------+----------+-------------------------------------------
     0 | D:1      | bande the Gargoyle Fighter began the quest for the Orb.
     0 | D:1      | Reached XP level 1. HP: 14/14 MP: 1/1
   248 | D:1      | Reached XP level 2. HP: 19/19 MP: 2/2
   387 | D:1      | Found a faded altar of an unknown god.
   623 | D:1      | Reached XP level 3. HP: 23/23 MP: 3/3
  1909 | D:2      | Reached XP level 4. HP: 28/29 MP: 4/4
  2292 | D:3      | Noticed Jessica
  2302 | D:3      | Killed Jessica
  2545 | D:3      | Reached XP level 5. HP: 33/33 MP: 5/5
  2653 | D:3      | Noticed Grinder
  2659 | D:3      | Paralysed by Grinder for 3 turns
  2676 | D:3      | Killed Grinder
  2677 | D:3      | Reached XP level 6. HP: 23/38 MP: 6/6
  3000 | D:3      | Found a sacrificial altar of Ru.
  3180 | D:4      | Noticed Dowan
  3181 | D:4      | Noticed Duvessa
  3193 | D:4      | Slain by Duvessa

Illustrated notes

Levels and vault maps discovered:
D:1:      evilmike_arrival_plus, layout_basic,
          shapermc_ecumenical_altar_starsandcircs,
          chequers_serial_rivers_large_a, minmay_pentomino_o2
D:2:      layout_basic
D:3:      layout_basic, mainiacjoe_overflow_alcove_4, minmay_ruptured,
          uniq_grinder, uniq_jessica
D:4:      layout_rooms, uniq_duvessa

Skill      XL: |  1  2  3  4  5 |
---------------+----------------+-----
Axes           | 2 3 4 |  4.9
Fighting       | 4 |  4.3
Armour         | 4 |  4.4
Shields        | 4 |  4.1

Action                   |  1- 3 |  4- 6 || total
-------------------------+-------+-------++-------
Melee: War axe           |   142 |   107 ||   249
  Use: Scroll            |     1 |     7 ||     8
Armor: Scale mail        |    42 |       ||    42
       Chain mail        |    64 |    58 ||   122
Dodge: Dodged            |    70 |    35 ||   105
       Repelled          |       |     2 ||     2
Block: Buckler           |    40 |    32 ||    72

Table legend: (Time is in decaauts)
 A = Elapsed time spent in this place.
 B = Non-inter-level travel time spent in this place.
 C = Inter-level travel time spent in this place.
 D = Time resting spent in this place.
 E = Time spent auto-exploring this place.
 F = Levels seen in this place.
 G = Mean time per level.
                   A        B        C        D        E       F      G
               +--------+--------+--------+--------+--------+-----+--------+
         Total |   3303 |   3152 |    151 |    382 |   2095 |   4 |  825.8 |
       Dungeon |   3303 |   3152 |    151 |    382 |   2095 |   4 |  825.8 |
               +--------+--------+--------+--------+--------+-----+--------+

Top non-repeatable levels by time:
     D:1: 1559 daAuts
     D:3: 914 daAuts
     D:2: 709 daAuts
     D:4: 119 daAuts
